 Dungeon Crawl Stone Soup version 0.24-a0-203-gf0bc1e9 (webtiles) character file.

Game seed: 7085493901529027997

142 Ivan the Chopper (level 5, -1/47 HPs)
             Began as a Minotaur Berserker on Mar 26, 2019.
             Was a Believer of Trog.
             Slain by an ooze (3 damage)
             ... on level 2 of the Dungeon.
             The game lasted 00:02:38 (1191 turns).

Ivan the Chopper (Minotaur Berserker)               Turns: 1191, Time: 00:02:38

Health: -1/47      AC:  2    Str: 22    XL:     5   Next: 4%
Magic:  4/4        EV: 12    Int:  4    God:    Trog [**....]
Gold:   109        SH:  0    Dex: 10    Spells: 4/4 levels left

rFire    . . .     SeeInvis .   a - +0 hand axe
rCold    . . .     Gourm    .   (no shield)
rNeg     . . .     Faith    .   b - +0 animal skin
rPois    .         Spirit   .   (helmet restricted)
rElec    .         Reflect  .   (no cloak)
rCorr    .         Harm     .   (no gloves)
MR       .....                  (no boots)
Stlth    +.........             (no amulet)
HPRegen  0.15/turn              (no ring)
MPRegen  0.09/turn              (no ring)

@: lightly drained
A: retaliatory headbutt, horns 2
a: Berserk, Trog's Hand, Renounce Religion


You were on level 2 of the Dungeon.
You worshipped Trog.
Trog was pleased with you.
You were near starving.

You visited 1 branch of the dungeon, and saw 2 of its levels.

You collected 109 gold pieces.

Inventory:

Hand Weapons
 a - a +0 hand axe (weapon)
Armour
 b - a +0 animal skin (worn)
Scrolls
 d - 2 scrolls of blinking {unknown}
 e - a scroll of immolation {unknown}
 h - 3 scrolls of remove curse {unknown}
 i - a scroll of fog {unknown}
 j - a scroll of identify {unknown}
 k - a scroll of enchant weapon {unknown}
Potions
 f - 2 potions of heal wounds {unknown}
 g - a potion of resistance {unknown}
Comestibles
 c - a ration


   Skills:
 + Level 4.6(4.5) Fighting
 + Level 5.4(5.3) Axes
 + Level 2.7(2.6) Armour
 + Level 3.0 Dodging
 + Level 0.9(0.8) Stealth


You had 4 spell levels left.
You didn't know any spells.
Your spell library was empty.

Dungeon Overview and Level Annotations

Branches:
Dungeon (2/15)

Altars:


Innate Abilities, Weirdness & Mutations

You reflexively headbutt those who attack you in melee.
You have a pair of horns on your head.


Message History

You headbutt the jelly, but do no damage.
The jelly closely misses you.
You slash the jelly!
Your hands burn!
* * * LOW HITPOINT WARNING * * *
The jelly is severely wounded.
The jelly barely misses you.
You slash the jelly!
You kill the jelly!
Trog accepts your kill.
You have reached level 5!
You hit the ooze.
You headbutt the ooze, but do no damage.
The ooze is lightly wounded.
The ooze hits you.
* * * LOW HITPOINT WARNING * * *
You hit the ooze.
The ooze is lightly wounded.
You are no longer corroded.
The ooze hits you.
You die...

##.....##
#
#.......#
#
#.......#
#.......#
#.......#
#....####
#....'..##
########.#
###
##@..)..##
..
#J#######
#.##.####
#...JJP÷..
#........
#......÷..
#.###
#÷..÷...P.
# #.#..
#.......÷÷
#...#....
#.P.P.....
#......<.
#...P.P.P[
#.#.###..
##########
#......


You could see an ooze.

Vanquished Creatures
  2 jellies (D:2)
  An adder (D:2)
  8 oozes (D:2)
  A worm (D:2)
  6 goblins
  2 hobgoblins (D:1)
  4 bats
  5 frilled lizards
  11 kobolds
  7 rats
47 creatures vanquished.

Vanquished Creatures (others)
  A fungus (D:2)
  8 toadstools (D:2)
9 creatures vanquished.

Grand Total: 56 creatures vanquished

Notes
Turn   | Place    | Note
-------+----------+-------------------------------------------
     0 | D:1      | Ivan the Minotaur Berserker began the quest for the Orb.
     0 | D:1      | Reached XP level 1. HP: 19/19 MP: 0/0
   124 | D:1      | Reached skill level 4 in Axes
   126 | D:1      | Reached XP level 2. HP: 13/27 MP: 1/1
   847 | D:2      | Reached ** piety under Trog
   849 | D:2      | Reached XP level 3. HP: 29/33 MP: 2/2
   875 | D:2      | HP: 1/51 [kobold/+0 short sword (6)]
  1170 | D:2      | Reached XP level 4. HP: 31/41 MP: 3/3
  1175 | D:2      | Reached skill level 5 in Axes
  1188 | D:2      | HP: 2/41 [acid (3)]
  1189 | D:2      | Reached XP level 5. HP: 2/47 MP: 4/4
  1191 | D:2      | Slain by an ooze

Levels and vault maps discovered:
D:1:      dpeg_arrival_another_circle, layout_loops_ring, hex_tiny
D:2:      cheibrodos_fertilizer, layout_basic, overflow_temple_1_default,
          minmay_lizard_pond

Skill      XL: |  1  2  3  4 |
---------------+-------------+-----
Axes           | 4 5 |  5.4
Fighting       | 4 |  4.6
Dodging        | 3 |  3.0
Armour         | |  2.7
Stealth        | |  0.9

Action                   |  1- 3 |  4- 6 || total
-------------------------+-------+-------++-------
Melee: Hand axe          |    74 |    20 ||    94
       Headbutt          |    13 |     7 ||    20
Invok: Berserk           |     1 |       ||     1
 Stab: Sleeping          |     1 |       ||     1
Armor: Animal skin       |     2 |     2 ||     4
Dodge: Dodged            |    47 |    11 ||    58

Table legend:
 A = Non-vault XP
 B = Vault XP
 C = Vault XP percentage of total XP
 D = Non-vault monster count
 E = Vault monster count
 F = Vault count percentage of total count
                 A         B        C        D         E       F
            +---------+---------+-------+---------+---------+-------
      Total |      56 |     148 |  72.5 |      31 |      16 |  34.0
            +---------+---------+-------+---------+---------+-------
        D:1 |      28 |       0 |   0.0 |      20 |       0 |   0.0
        D:2 |      28 |     148 |  84.1 |      11 |      16 |  59.3
            +---------+---------+-------+---------+---------+-------
